 Dungeon Crawl Stone Soup version 0.28-a0-97-g102d6777a4 (webtiles) character file.

Game seed: 16740492288817413684

47 pyrow613 the Chopper (level 3, -1/30 HPs)
             Began as a Demigod Gladiator on Aug 9, 2021.
             Slain by a worm (4 damage)
             ... on level 2 of the Dungeon.
             The game lasted 00:02:28 (1809 turns).

pyrow613 the Chopper (Demigod Gladiator)            Turns: 1809, Time: 00:02:29

Health: -1/30      AC:  4    Str: 19    XL:     3   Next: 29%
Magic:  5/5        EV: 12    Int: 10    God:
Gold:   37         SH:  0    Dex: 15    Spells: 2/2 levels left

rFire   . . .      SeeInvis .   a - +0 war axe
rCold   + . .      Faith    .   (no shield)
rNeg    . . .      Spirit   .   b - +0 leather armour
rPois   .          Reflect  .   i - +0 helmet
rElec   .          Harm     .   (no cloak)
rCorr   .          Rampage  .   (no gloves)
Will    .....                   (no boots)
Stlth   +.........              (no amulet)
HPRegen 0.10/turn               g - ring of protection from cold
MPRegen 0.09/turn               (no ring)

@: no status effects
A: high mp 1, forlorn
a: no special abilities


You were on level 2 of the Dungeon.
You visited 1 branch of the dungeon, and saw 2 of its levels.

You collected 37 gold pieces.

Inventory:

Hand Weapons
 a - a +0 war axe (weapon)
Missiles
 d - 3 throwing nets (quivered)
Armour
 b - a +0 leather armour (worn)
 i - a +0 helmet (worn)
Jewellery
 g - a ring of protection from cold (left hand)
Scrolls
 c - a scroll of blinking {unknown}
 f - a scroll of immolation {unknown}
Potions
 e - a potion of curing {unknown}
 h - 2 potions of degeneration {unknown}


   Skills:
 + Level 2.4 Fighting
 * Level 3.7 Axes
 - Level 1.7 Throwing
 - Level 2.6 Dodging


You had 2 spell levels left.
You didn't know any spells.
Your spell library was empty.

Dungeon Overview and Level Annotations

Branches:
Dungeon (2/15)


Innate Abilities, Weirdness & Mutations

Your attributes grow dramatically as you level up.
You have an increased reservoir of magic. (+10% MP)
You shall have no god before yourself.


Message History

You feel sick. The adder barely misses you.
You hit the adder but do no damage.
The adder is moderately wounded.
You feel sick. The adder misses you. The adder bites you.
You are more poisoned.
The adder poisons you!
You miss the adder.
The adder is moderately wounded.
You feel very sick. The adder closely misses you. The adder bites you.
You barely miss the adder.
The adder is moderately wounded.
You feel sick. The adder bites you. The adder bites you but does no damage.
You closely miss the adder.
The adder is moderately wounded.
You feel sick. The adder bites you but does no damage.
You barely miss the adder.
The adder is moderately wounded.
You feel sick. The adder closely misses you. The adder bites you.
* * * LOW HITPOINT WARNING * * *
You hit the adder but do no damage.
The adder is moderately wounded.
You feel sick. The adder barely misses you. The adder misses you.
You barely miss the adder.
The adder is moderately wounded.
You feel sick.
You are no longer poisoned.
The adder bites you.
* * * LOW HITPOINT WARNING * * *
You closely miss the adder.
The adder is moderately wounded.
The adder bites you but does no damage. The adder misses you.
You slash the adder!
You kill the adder!
You slash the kobold!
You kill the kobold!
The worm closely misses you.
You see here a +0 short sword.
You barely miss the worm. The worm bites you.
You die...

# ..# ..........#
######.#..# ........#
#####.#.# #.#.# #.#.# # ##.
#.#.######
....###############.......†.
..........w@.....†..#.#####.
#..##..#############.# ##
........# #.# # ##......#
#.# # ##.....# #.# #
#......# ..# # ........# ###
# ##.....## ##.#.#


You could see a worm.

Vanquished Creatures
  An adder (D:2)
  A dart slug (D:1)
  8 ball pythons
  3 endoplasms
  2 giant cockroaches
  2 goblins (D:1)
  3 hobgoblins
  3 jackals (D:1)
  A quokka (D:2)
  4 bats
  3 frilled lizards (D:1)
  3 kobolds
  3 rats (D:1)
37 creatures vanquished.

Vanquished Creatures (others)
  5 toadstools (D:1)
5 creatures vanquished.

Grand Total: 42 creatures vanquished

Notes
Turn   | Place    | Note
-------+----------+-------------------------------------------
     0 | D:1      | pyrow613 the Demigod Gladiator began the quest for the Orb.
     0 | D:1      | Reached XP level 1. HP: 17/17 MP: 3/3
   335 | D:1      | Reached skill level 3 in Axes
   564 | D:1      | Reached XP level 2. HP: 24/24 MP: 4/4
  1755 | D:2      | Reached XP level 3. HP: 29/30 MP: 5/5
  1809 | D:2      | Slain by a worm

Illustrated notes

Levels and vault maps discovered:
D:1:      ldierk_walled_garden, layout_basic, shapermc_ecumenical_altar_petra,
          st_stairs_3, corexii_corridor_pit
D:2:      layout_loops_ring

Skill      XL: |  1 |
---------------+----+-----
Fighting       | 2 |  2.4
Axes           | 3 |  3.7
Throwing       | |  1.7
Dodging        | |  2.6

Action                   || total
-------------------------++-------
Melee: War axe           ||   100
 Stab: Sleeping          ||     4
Armor: Leather armour    ||    34
Dodge: Dodged            ||    82

Table legend: (Time is in decaauts)
 A = Elapsed time spent in this place.
 B = Non-inter-level travel time spent in this place.
 C = Inter-level travel time spent in this place.
 D = Time resting spent in this place.
 E = Time spent auto-exploring this place.
 F = Levels seen in this place.
 G = Mean time per level.
                   A        B        C        D        E       F      G
               +--------+--------+--------+--------+--------+-----+--------+
         Total |   1841 |   1790 |     51 |      0 |   1522 |   2 |  920.5 |
       Dungeon |   1841 |   1790 |     51 |      0 |   1522 |   2 |  920.5 |
               +--------+--------+--------+--------+--------+-----+--------+

Top non-repeatable levels by time:
     D:1: 1683 daAuts
     D:2: 157 daAuts
